 Dungeon Crawl Stone Soup version 0.22.1-2-g9c5b331 (webtiles) character file.

35 dvd the Magician (level 3, -3/24 HPs)
             Began as a Demonspawn Wizard on Dec 20, 2018.
             Slain by Terence
             ... wielding a +0 hand axe of chopping
              (4 damage)
             ... on level 2 of the Dungeon.
             The game lasted 00:03:44 (1297 turns).

dvd the Magician (Demonspawn Wizard)                Turns: 1297, Time: 00:03:45

Health: -3/24      AC:  2    Str:  7    XL:     3   Next: 16%
Magic:  0/8        EV: 18    Int: 20    God:
Gold:   55         SH:  0    Dex: 16    Spells: 6/9 levels left

rFire    + + .     SeeInvis .   g - +0 mace
rCold    . . .     Gourm    .   (no shield)
rNeg     . . .     Faith    .   a - +0 robe
rPois    +         Spirit   .   b - +0 hat
rElec    +         Reflect  .   (no cloak)
rCorr    +         Harm     .   (no gloves)
MR       .....                  (no boots)
Stlth    +++.......             (no amulet)
HPRegen  0.08/turn              h - ring of fire
MPRegen  0.11/turn              (no ring)

@: agile, lethally poisoned (-3 -> -6), resistant
A: powered by death 1
a: no special abilities


You were on level 2 of the Dungeon.
You were not hungry.

You visited 1 branch of the dungeon, and saw 2 of its levels.

You collected 55 gold pieces.

Inventory:

Hand Weapons
 f - a +0 short sword
 g - a +0 mace (weapon)
 n - a +0 dagger of freezing
Armour
 a - a +0 robe (worn)
 b - a +0 hat (worn)
 l - a +0 ring mail
Jewellery
 h - a ring of fire (left hand)
Scrolls
 k - 2 scrolls of random uselessness {unknown}
 m - 2 scrolls of identify {unknown}
Comestibles
 d - 2 rations


   Skills:
 + Level 0.4 Maces & Flails
 + Level 2.2 Dodging
 + Level 1.8 Stealth
 + Level 3.5 Spellcasting
 + Level 1.4 Conjurations
   Level 1.0 Summonings
 + Level 0.8 Translocations


You had 6 spell levels left.
You knew the following spells:

 Your Spells              Type           Power        Failure   Level  Hunger
a - Magic Dart            Conj           #...         8%          1    None
b - Blink                 Tloc           N/A          14%         2    ##.....

Your spell library contained the following spells:

 Spells                   Type           Power        Failure   Level  Hunger
 Call Imp                 Summ           #.......     14%         2    ##.....
 Slow                     Hex            #.......     21%         2    ##.....
 Conjure Flame            Conj/Fire      #.......     30%         3    ###....
 Mephitic Cloud           Conj/Pois/Air  #.......     32%         3    ###....


Dungeon Overview and Level Annotations

Branches:
Dungeon (2/15)

Altars:

Annotations:
D:2 Terence


Innate Abilities, Weirdness & Mutations

You regenerate a little health from kills.


Message History

Unknown command.
Terence screams, "I want your blood!" Terence closely misses you.
Unknown command.
Casting: Magic Dart (safe; 8% risk of failure)
Confirm with . or Enter, or press ? or * to list all spells.
Aiming: Magic Dart (safe; 8% risk of failure)
Press: ? - help, Shift-Dir - straight line, f - Terence
Aim: Terence, wielding a hand axe of chopping and wearing a runed scale mail The magic dart hits Terence.
Terence is moderately wounded.
Casting: Magic Dart (safe; 8% risk of failure)
Confirm with . or Enter, or press ? or * to list all spells.
Aiming: Magic Dart (safe; 8% risk of failure)
Press: ? - help, Shift-Dir - straight line, f/p - Terence
Aim: Terence, wielding a hand axe of chopping and wearing a runed scale mail The magic dart hits Terence.
Terence is moderately wounded.
Terence hits you with a hand axe of chopping.
You die...

#...#.##..##..........
###.#.#.#...............
#.#.#.......##.....r.###
###.#.#........#.......#
#.........#.##.#.......###
#.###<#.#.#.##.#.#.....+.#
#.# #.#.#.#.##.#†#.....#.#
#.###.....@r...#.#.......#
#........@#.####.#.#######
######.####r..............
#.##.#......#########
#....#..##### ####.#..#
#....#.K######
####..........
#.....#########
#..............


You could see Terence and a rat.

Vanquished Creatures
  An adder (D:2)
  An ooze (D:1)
  A ball python (D:1)
  3 giant cockroaches (D:1)
  3 goblins (D:1)
  3 hobgoblins (D:1)
  A bat (D:1)
  A frilled lizard (D:2)
  3 kobolds
  A quokka zombie (D:2)
  3 rats (D:2)
21 creatures vanquished.

Notes
Turn   | Place    | Note
-------+----------+-------------------------------------------
     0 | D:1      | dvd the Demonspawn Wizard began the quest for the Orb.
     0 | D:1      | Reached XP level 1. HP: 13/13 MP: 4/4
   415 | D:1      | Gained mutation: You regenerate a little health from kills.
                  | [demonic ancestry]
   415 | D:1      | Reached XP level 2. HP: 19/19 MP: 0/6
   604 | D:1      | Learned a level 2 spell: Blink
  1229 | D:2      | Noticed Terence
  1284 | D:2      | Reached XP level 3. HP: 14/24 MP: 0/8
  1294 | D:2      | HP: 1/24 [poisoned by an adder]
  1297 | D:2      | Slain by Terence

Skill      XL: |  1 |
---------------+----+-----
Dodging        | 2 |  2.2
Maces & Flails | |  0.4
Stealth        | |  1.8
Spellcasting   | |  3.5
Conjurations   | |  1.4
Summonings     | |  1.0
Translocations | |  0.8

Action                   || total
-------------------------++-------
Melee: Mace              ||    31
 Cast: Magic Dart        ||    52
  Use: Potion            ||     4
 Stab: Sleeping          ||     1
  Eat: Chunk             ||     1
Armor: Robe              ||    14
Dodge: Dodged            ||    31
